 Dungeon Crawl Stone Soup version 0.20.0-15-g7f486f2 (webtiles) character file.

392 McKennaii the Shield-Bearer (level 6, -8/56 HPs)
             Began as a Minotaur Fighter on June 11, 2017.
             Blown up by Pikel (14 damage)
             ... with a wand of disintegration (?/24)
             ... on level 4 of the Dungeon.
             The game lasted 00:06:19 (3363 turns).

McKennaii the Shield-Bearer (Minotaur Fighter)      Turns: 3363, Time: 00:06:20

Health: -8/56      AC:  9    Str: 21    XL:     6   Next: 51%
Magic:  14/14      EV:  6    Int:  5    God:
Gold:   286        SH: 10    Dex: 11    Spells: 5/5 levels left

rFire    . . .     SeeInvis .   a - +0 long sword
rCold    . . .     Gourm    .   c - +0 shield
rNeg     . . .     Faith    .   w - +0 chain mail
rPois    .         Spirit   .   (helmet restricted)
rElec    .         Reflect  .   (no cloak)
rCorr    .         Harm     .   (no gloves)
MR       .....                  (no boots)
Stlth    ..........             (no amulet)
Regen    0.2/turn               i - ring of magical power
MPRegen  0.2/turn               (no ring)

@: no status effects
A: retaliatory headbutt, horns 2
a: no special abilities


You were on level 4 of the Dungeon.
You were very hungry.

You visited 1 branch of the dungeon, and saw 4 of its levels.

You collected 286 gold pieces.

Inventory:

Hand Weapons
 a - a +0 long sword (weapon)
Armour
 c - a +0 shield (worn)
 w - a +0 chain mail (worn)
Jewellery
 i - a ring of magical power (left hand)
Wands
 u - a wand of flame (16/48)
 y - a wand of confusion (12/48)
Scrolls
 e - 2 scrolls of enchant armour {unknown}
 g - 4 scrolls of identify {unknown}
 n - a scroll of amnesia {unknown}
 o - a scroll of immolation {unknown}
 p - a scroll of fear {unknown}
 q - a scroll of noise {unknown}
 r - a scroll of teleportation {unknown}
 B - a scroll of fog {unknown}
 C - a scroll of remove curse {unknown}
Potions
 d - 3 potions of might
 h - 2 potions of brilliance {unknown}
 j - a potion of heal wounds {unknown}
 k - 2 potions of curing {unknown}
 l - 2 potions of haste {unknown}
 m - a potion of mutation {unknown}
 s - 2 potions of flight {unknown}
 t - a potion of resistance {unknown}
 z - a potion of magic {unknown}
 A - 2 potions of degeneration {unknown}
Comestibles
 b - a royal jelly
 f - 6 bread rations
 v - a fruit
 x - a meat ration


   Skills:
 + Level 5.0 Fighting
 + Level 5.2 Long Blades
 + Level 4.7 Armour
 + Level 1.8 Dodging
 + Level 5.2 Shields
 + Level 0.5 Evocations


You had 5 spell levels left.
You didn't know any spells.

Dungeon Overview and Level Annotations

Branches:
Dungeon (4/15)
 Temple: D:4-7

Altars:
Nemelex Xobeh
Xom
Zin

Annotations:
D:4 Pikel


Innate Abilities, Weirdness & Mutations

You reflexively headbutt those who attack you in melee.
You have a pair of horns on your head.


Message History

Pikel zaps a wand.
You are blasted!
You hit Pikel but do no damage.
Pikel is lightly wounded.
Pikel zaps a wand.
You are blasted!
* * * LOW HITPOINT WARNING * * *
Pikel hits you with a whip of freezing!
* * * LOW HITPOINT WARNING * * *
Pikel freezes you.
* * * LOW HITPOINT WARNING * * *
Pikel cracks his whip.
Pikel zaps a wand.
You are blasted!
* * * LOW HITPOINT WARNING * * *
Evoke which item? (* to show all) (? for menu, Esc to quit)
Aiming: Confuse (will waste charges)
Press: ? - help, Shift-Dir - straight line, f - Pikel
Aim: Pikel, wielding a whip of freezing, wearing a robe and carrying a wand of disintegration (?/24) {zapped: 4} (lightly wounded, chance to defeat MR: 47%) Pikel resists with some effort.
Evoking this partially-identified wand wasted a few charges.
Pikel zaps a wand.
You are blasted!
You die...

####### #.....# ##############
#.....# ....(........# #.....#
##...........## #.....#
##..........p.############.(...##
++........p.K...@...........)....
##..........pp###########.......#
#############..# ####..####.# #
##.# #..........# # #.##
#........... #
#..######.........## #
##.#..............# #
#.#..............# #
#................#


You could see Pikel and 4 slaves.

Vanquished Creatures
  An ogre (D:4)
  An orc priest (D:3)
  4 orc wizards
  5 adders
  2 oozes (D:3)
  2 worms (D:2)
  21 orcs
  A giant cockroach (D:3)
  5 goblins
  10 hobgoblins
  15 jackals
  A quokka (D:3)
  3 bats
  3 frilled lizards
  10 kobolds
  10 rats
94 creatures vanquished.

Notes
Turn   | Place    | Note
-------+----------+-------------------------------------------
     0 | D:1      | McKennaii the Minotaur Fighter began the quest for the Orb.
     0 | D:1      | Reached XP level 1. HP: 19/19 MP: 0/0
   580 | D:1      | Reached XP level 2. HP: 27/27 MP: 1/1
  1078 | D:2      | Reached XP level 3. HP: 33/33 MP: 2/2
  1435 | D:3      | Found a shimmering altar of Xom.
  1435 | D:3      | Found a glowing silver altar of Zin.
  1435 | D:3      | Noticed an angel
  1494 | D:3      | Reached XP level 4. HP: 19/40 MP: 3/3
  1861 | D:3      | Reached skill level 1 in Dodging
  2053 | D:3      | Reached XP level 5. HP: 43/46 MP: 4/4
  2116 | D:3      | Found a sparkling altar of Nemelex Xobeh.
  2119 | D:3      | Noticed a two-headed ogre
  2834 | D:4      | Reached skill level 5 in Shields
  2841 | D:4      | Reached XP level 6. HP: 50/53 MP: 5/5
  2843 | D:4      | Reached skill level 5 in Long Blades
  3324 | D:4      | Noticed a slave
  3327 | D:4      | Noticed a slave
  3327 | D:4      | Reached skill level 5 in Fighting
  3329 | D:4      | Noticed a slave
  3330 | D:4      | Noticed Pikel
  3345 | D:4      | Noticed a slave
  3363 | D:4      | Blown up by Pikel

Skill      XL: |  1  2  3  4  5  6 |
---------------+-------------------+-----
Armour         | 4 |  4.7
Fighting       | 4 5 |  5.0
Shields        | 4 5 |  5.2
Long Blades    | 3 4 5 |  5.2
Dodging        | 1 |  1.8
Evocations     | |  0.5

Action                   |  1- 3 |  4- 6 || total
-------------------------+-------+-------++-------
Melee: Long sword        |    86 |   162 ||   248
       Headbutt          |    14 |    23 ||    37
Evoke: Wand              |       |     5 ||     5
  Eat: Chunk             |     1 |     6 ||     7
Armor: Scale mail        |    45 |     5 ||    50
       Chain mail        |       |    60 ||    60
Dodge: Dodged            |    33 |    35 ||    68
Block: Shield            |    52 |    99 ||   151
       Rpst.: Long sword |     6 |     7 ||    13
